cohdb
Replays
Latest Replays
All Replays
Popular Replays
Top Player Replays
Match Explorer
How It Works
Community
CoH3 Stats
Reddit
Sign in to upload your games and track your stats! →
Sign in with Steam
Match 42964607
Unlisted
Match 42964607
Overview
Messages
Build Orders
End
Construct Infanterie Kompanie
Selects Luftwaffe Battlegroup
Selects Luftwaffe Pioneer Support
Fallschirmpioneer Squad Paradrop
MG 42 Machine Gun Team
MG 42 Machine Gun Team
Construct Luftwaffe Kompanie
Selects Stuka Strafing Run
Stuka Strafing Run
Support Elements
Wirbelwind Flakpanzer
Stuka Strafing Run
Luftwaffe Officer Quarters
Construct Panzergrenadier Kompanie
StuG III G Assault Gun
Panzergrenadier Officer Quarters
Construct Panzer Kompanie
Joraad
don/pedro
caliber4187
General Lee
konsi77
ironfox
Barry
Valbert6
0
0
Comments
sign in to comment!
No comments posted yet!